 Dungeon Crawl Stone Soup version 0.22-a0-348-gd16d139 (webtiles) character file.

480 xccam the Ducker (level 7, 0/59 HPs)
             Began as a Gnoll Monk on Apr 7, 2018.
             Was a Follower of Ru.
             Killed by divine providence
             ... invoked by an orc priest
              (13 damage)
             ... on level 4 of the Dungeon.
             The game lasted 00:05:50 (3028 turns).

xccam the Ducker (Gnoll Monk)                       Turns: 3028, Time: 00:05:51

Health: 0/59       AC:  3    Str: 15    XL:     7   Next: 11%
Magic:  10/10      EV: 15    Int: 12    God:    Ru [*.....]
Gold:   139        SH:  0    Dex: 18    Spells: 10/10 levels left

rFire    . . .     SeeInvis .   m - +0 long sword
rCold    . . .     Gourm    .   (no shield)
rNeg     . . .     Faith    .   e - +0 ring mail
rPois    .         Spirit   .   o - +0 helmet
rElec    .         Reflect  .   l - +0 cloak
rCorr    .         Harm     .   r - +0 pair of gloves
MR       .....                  (no boots)
Stlth    ++........             (no amulet)
HPRegen  0.19/turn              (no ring)
MPRegen  0.12/turn              (no ring)

@: lethally poisoned (0 -> -11)
A: distributed training, fangs 1, reduced AC 1, strong nose
a: Renounce Religion


You were on level 4 of the Dungeon.
You worshipped Ru.
Ru was aware of your devotion.
You were very hungry.

You visited 1 branch of the dungeon, and saw 4 of its levels.

You collected 139 gold pieces.

Inventory:

Hand Weapons
 m - a +0 long sword (weapon)
Armour
 e - a +0 ring mail (worn)
 l - a +0 cloak (worn)
 o - a +0 helmet (worn)
 r - a +0 pair of gloves (worn)
Scrolls
 d - 3 scrolls of identify
 f - 4 scrolls of magic mapping
 h - 2 scrolls of teleportation {unknown}
 i - a scroll of enchant armour {unknown}
 q - a scroll of amnesia {unknown}
Potions
 b - a potion of haste
 g - a potion of might
 j - 2 potions of curing
 k - a potion of flight
 p - a potion of agility
Comestibles
 c - 4 rations


   Skills:
 + Level 6.9 Fighting
 + Level 2.2 Short Blades
 + Level 6.9 Long Blades
 + Level 2.2 Axes
 + Level 2.2 Maces & Flails
 + Level 2.2 Polearms
 + Level 2.2 Staves
 + Level 2.2 Slings
 + Level 2.2 Bows
 + Level 2.2 Crossbows
 + Level 2.2 Throwing
 + Level 2.2 Armour
 + Level 6.9 Dodging
 + Level 4.7 Stealth
 + Level 2.2 Shields
 + Level 2.2 Unarmed Combat
 + Level 2.2 Spellcasting
 + Level 1.8 Conjurations
 + Level 1.8 Hexes
 + Level 1.8 Charms
 + Level 1.8 Summonings
 + Level 1.8 Necromancy
 + Level 1.8 Translocations
 + Level 1.8 Transmutations
 + Level 1.8 Fire Magic
 + Level 1.8 Ice Magic
 + Level 1.8 Air Magic
 + Level 1.8 Earth Magic
 + Level 1.8 Poison Magic
 + Level 2.5 Invocations
 + Level 2.2 Evocations


You had 10 spell levels left.
You didn't know any spells.

Dungeon Overview and Level Annotations

Branches:
Dungeon (4/15)
 Temple: D:4-7

Altars:
Ru


Innate Abilities, Weirdness & Mutations

Your experience applies equally to all skills.
You have very sharp teeth.
You take slightly more damage. (AC -5)
Your uncanny sense of smell can sniff out nearby items.


Message History

You are more poisoned.
You feel sick.
The orc priest mumbles some strange prayers to Beogh against you.
Beogh smites you!
You hit the orc but do no damage.
You feel sick. The orc barely misses you.
You hit the orc but do no damage.
You feel sick. The orc barely misses you.
The orc priest looks encouraged for a moment.
You closely miss the orc.
You feel sick. The orc barely misses you.
You hit the orc. You bite the orc, but do no damage.
The orc is severely wounded.
You feel sick. The orc hits you with a club.
* * * LOW HITPOINT WARNING * * *
The orc priest calls upon Beogh to heal the orc.
The orc's wounds heal themselves!
You hit the orc but do no damage.
* * * LOW HITPOINT WARNING * * *
You feel sick. The orc hits you but does no damage.
The orc priest calls down the wrath of Beogh upon you.
Beogh smites you!
You die...

.. .....#### ..
####.....####### ..
...............# ..
.........####.## .. #
###.#...# #.# .
#.####.#...####.## .
.. #....#....#......#
.
....####.###........##
........oo@..##.###.#
###.##.#######.# #.#
.# #)........# #.# .#
.....#### #.# .
......# #.# ......[#
#.# ........# ###.##
####... [........#
#....#
.................#
#[####


You could see an orc priest and an orc.

Vanquished Creatures
  2 ogres (D:4)
  4 orc wizards
  Robin (D:3)
  3 gnolls (D:2)
  5 adders
  3 oozes
  2 worms (D:2)
  3 dart slugs
  The ghost of Anon1729 the Firebug, a weakling DsFE (D:3)
  2 leopard geckos (D:1)
  8 orcs
  4 bats
  6 giant cockroaches
  17 goblins
  8 hobgoblins
  2 jackals (D:1)
  5 kobolds
  5 ball pythons
  4 frilled lizards
  7 rats
92 creatures vanquished.

Notes
Turn   | Place    | Note
-------+----------+-------------------------------------------
     0 | D:1      | xccam the Gnoll Monk began the quest for the Orb.
     0 | D:1      | Reached XP level 1. HP: 23/23 MP: 1/1
   270 | D:1      | Reached XP level 2. HP: 26/29 MP: 2/2
   429 | D:1      | Reached XP level 3. HP: 34/35 MP: 3/3
   822 | D:2      | Reached skill level 1 in Invocations
   945 | D:2      | Reached skill level 1 in Short Blades
   945 | D:2      | Reached skill level 1 in Axes
   945 | D:2      | Reached skill level 1 in Maces & Flails
   945 | D:2      | Reached skill level 1 in Polearms
   945 | D:2      | Reached skill level 1 in Staves
   945 | D:2      | Reached skill level 1 in Slings
   945 | D:2      | Reached skill level 1 in Bows
   945 | D:2      | Reached skill level 1 in Crossbows
   945 | D:2      | Reached skill level 1 in Throwing
   945 | D:2      | Reached skill level 1 in Armour
   945 | D:2      | Reached skill level 1 in Shields
   945 | D:2      | Reached skill level 1 in Unarmed Combat
   945 | D:2      | Reached skill level 1 in Spellcasting
   945 | D:2      | Reached skill level 1 in Evocations
  1031 | D:2      | Reached XP level 4. HP: 33/41 MP: 5/5
  1185 | D:2      | Reached skill level 1 in Conjurations
  1185 | D:2      | Reached skill level 1 in Hexes
  1185 | D:2      | Reached skill level 1 in Charms
  1185 | D:2      | Reached skill level 1 in Summonings
  1185 | D:2      | Reached skill level 1 in Necromancy
  1185 | D:2      | Reached skill level 1 in Translocations
  1185 | D:2      | Reached skill level 1 in Transmutations
  1185 | D:2      | Reached skill level 1 in Fire Magic
  1185 | D:2      | Reached skill level 1 in Ice Magic
  1185 | D:2      | Reached skill level 1 in Air Magic
  1185 | D:2      | Reached skill level 1 in Earth Magic
  1185 | D:2      | Reached skill level 1 in Poison Magic
  1796 | D:3      | Reached XP level 5. HP: 38/47 MP: 6/6
  1940 | D:3      | Noticed Anon1729's ghost (weakling DsFE)
  1946 | D:3      | Killed Anon1729's ghost
  1993 | D:3      | Noticed Robin
  2019 | D:3      | Killed Robin
  2134 | D:3      | Found a sacrificial altar of Ru.
  2225 | D:3      | Became a worshipper of Ru the Awakened
  2235 | D:3      | Gained mutation: You take slightly more damage. (AC -5) [Ru sacrifice]
  2235 | D:3      | Reached * piety under Ru
  2465 | D:4      | Noticed an ogre
  2491 | D:4      | Reached XP level 6. HP: 18/53 MP: 8/8
  2875 | D:4      | Reached XP level 7. HP: 51/59 MP: 10/10
  3028 | D:4      | Killed from afar by an orc priest

Vault maps used:
D:1:      minmay_arrival_five_plusses, minmay_small_reverse_x
D:2:      first_ration, hangedman_decor_clover_reticule,
          minmay_misc_feat_nine_boxes
D:3:      nicolae_ru_the_path_less_chosen, uniq_robin
D:4:      led_sif_book

Skill      XL: |  1  2  3  4  5  6 |
---------------+-------------------+-----
Invocations    | 1 2 |  2.5
Short Blades   | 1 2 |  2.2
Axes           | 1 2 |  2.2
Maces & Flails | 1 2 |  2.2
Polearms       | 1 2 |  2.2
Staves         | 1 2 |  2.2
Slings         | 1 2 |  2.2
Bows           | 1 2 |  2.2
Crossbows      | 1 2 |  2.2
Throwing       | 1 2 |  2.2
Armour         | 1 2 |  2.2
Shields        | 1 2 |  2.2
Unarmed Combat | 1 2 |  2.2
Spellcasting   | 1 2 |  2.2
Evocations     | 1 2 |  2.2
Conjurations   | 1 |  1.8
Hexes          | 1 |  1.8
Charms         | 1 |  1.8
Summonings     | 1 |  1.8
Necromancy     | 1 |  1.8
Translocations | 1 |  1.8
Transmutations | 1 |  1.8
Fire Magic     | 1 |  1.8
Ice Magic      | 1 |  1.8
Air Magic      | 1 |  1.8
Earth Magic    | 1 |  1.8
Poison Magic   | 1 |  1.8
Fighting       | |  6.9
Long Blades    | |  6.9
Dodging        | |  6.9
Stealth        | |  4.7

Action                   |  1- 3 |  4- 6 |  7- 9 || total
-------------------------+-------+-------+-------++-------
Melee: Falchion          |    76 |   156 |       ||   232
       Bite              |     9 |    23 |     4 ||    36
       Punch             |     1 |       |       ||     1
       Long sword        |       |       |    18 ||    18
Invok: Sacrifice Health  |       |     1 |       ||     1
  Use: Scroll            |       |     5 |       ||     5
       Potion            |       |     6 |       ||     6
 Stab: Sleeping          |     4 |     4 |     1 ||     9
       Invisible         |       |     1 |       ||     1
  Eat: Chunk             |       |     6 |       ||     6
Armor: Ring mail         |    12 |    35 |     1 ||    48
Dodge: Dodged            |    63 |   128 |    15 ||   206
       Rpst.: Falchion   |    20 |    41 |       ||    61
       Long sword        |       |       |     4 ||     4

Table legend:
 A = Spawn XP
 B = Non-spawn XP
 C = Spawn XP percentage of total XP
 D = Spawn monster count
 E = Non-spawn monster count
 F = Spawn count percentage of total count
 G = Total turns spent on level
                    A         B        C        D         E        F      G
               +---------+---------+-------+---------+---------+-------+---------
         Total |       0 |     686 |   0.0 |       0 |      92 |   0.0 |  3028
               +---------+---------+-------+---------+---------+-------+---------
           D:1 |       0 |      48 |   0.0 |       0 |      23 |   0.0 |   816
           D:2 |       0 |     114 |   0.0 |       0 |      27 |   0.0 |   972
           D:3 |       0 |     143 |   0.0 |       0 |      29 |   0.0 |   663
           D:4 |       0 |     381 |   0.0 |       0 |      13 |   0.0 |   577
               +---------+---------+-------+---------+---------+-------+---------
